 Dungeon Sprint DCSS version 0.30-a0-715-gdb4ae3ece1 (webtiles) character file.

Game seed: 7450388037617222012

0 rocky1 the Cudgeller (level 1, -8/18 HPs)
             Began as a Minotaur Gladiator on Jan 24, 2023.
             Was an Initiate of Gozag.
             Mangled by Sigmund
             ... wielding a +0 scythe
              (11 damage)
             ... in the Dungeon (Sprint VI: "Thunderdome").
             The game lasted 00:00:52 (58 turns).

rocky1 the Cudgeller (Minotaur Gladiator)             Turns: 58, Time: 00:00:52

Health: -8/18      AC:  3    Str: 18    XL:     1   Next: 41%
Magic:  0/0        EV: 12    Int:  5    God:    Gozag
Gold:   200        SH:  0    Dex: 11    Spells: 0/0 levels left

rFire   . . .      SeeInvis .    a - +0 flail
rCold   . . .      Faith    .    (no shield)
rNeg    . . .      Spirit   .    b - +0 leather armour
rPois   .          Reflect  .    c - +0 hat
rElec   .          Harm     .    (no cloak)
rCorr   .          Rampage  .    (no gloves)
Will    .....      NoTele   +    (no boots)
Stlth   +                        (no amulet)
HPRegen 0.23/turn                (no ring)
MPRegen 0.07/turn                (no ring)

@: no status effects
A: horns 2, retaliatory headbutt
a: Renounce Religion, Potion Petition, Call Merchant, Bribe Branch


You were in the Dungeon.
You worshipped Gozag.
Gozag was aware of your devotion.
You visited 1 branch You collected 200 gold pieces.

Inventory:

Hand Weapons
 a - a +0 flail (weapon)
Missiles
 d - 3 throwing nets (quivered)
 e - a javelin
Armour
 b - a +0 leather armour (worn)
 c - a +0 hat (worn)
Wands
 m - a wand of acid (5)
 n - a wand of roots (4)
Scrolls
 k - 4 scrolls of blinking
 o - 3 scrolls of fog
Potions
 f - a potion of curing
 g - 3 potions of heal wounds
 h - 4 potions of haste
 i - 2 potions of magic
 j - a potion of berserk rage
 l - a potion of resistance


   Skills:
 + Level 2.9 Fighting
 * Level 4.3 Maces & Flails
 - Level 2.0 Throwing
 + Level 1.2 Armour
 + Level 3.6 Dodging


You couldn't memorise any spells.
You didn't know any spells.
Your spell library was empty.

Dungeon Overview and Level Annotations

Branches:
Dungeon (1/1)

Altars:
Cheibriados
Dithmenos
Fedhas
Gozag
Kikubaaqudgha
Makhleb
Okawaru
Qazlal
Ru
Sif Muna
Trog
Uskayaw
Vehumet
Wu Jian
Xom
Yredelemnul
Zin
The Shining One
Lugonu

Shops:
D *[??*?*:[((!!!!

Annotations:
D Sigmund


Innate Abilities, Weirdness & Mutations

You have a pair of horns on your head.
You reflexively headbutt those who attack you in melee.


Message History

The roots erupt in riotous growth!
The quokka is unaffected.
The grasping roots grab you!
The now-empty wand crumbles to dust.
You are constricted.
The quokka barely misses you. You furiously retaliate!
You headbutt the quokka!
You kill the quokka!
Your Maces & Flails skill increases to level 4!
You escape the roots grasp.
You sock the orc!
You kill the orc!
Your Armour skill increases to level 1!
Things that are here:
a +0 club; an orc corpse
Found a sacrificial altar of Ru.
Found an opulent altar of Gozag.
Found a glowing silver altar of Zin.
Found Isataops's Staff Store and Riuzxiogo's Magic Scroll Shop.
Found a roughly hewn altar of Beogh.
Found Tirches's Must-Have Magic and Uqomo's Magic Scroll Shop.
There is a sacrificial altar of Ru here.
A magic dart appears from out of thin air!
The magic dart hits you!
Ouch! That really hurt!
* * * LOW HITPOINT WARNING * * *
There is an opulent altar of Gozag here.
You kneel at the altar of Gozag.
Gozag welcomes you!
Gozag waives the service fee.
Aiming: Fastroot
Press: ? - help, Shift-Dir - straight line The roots erupt in riotous growth!
Okay, then.
You feel much better. Something hits you!
There is a sacrificial altar of Ru here.
You hit something but do no damage. Something hits you!
Ouch! That really hurt!
* * * LOW HITPOINT WARNING * * *
You barely miss something. Your headbutt misses something. Something hits you!
Ouch! That really hurt!
You die...
Your body crumbles into a pile of gold.

#### ##⌠⌠⌠# #.....
##.....## #∩.....∩##
∩.......∩# _......._#
#_......._# #........@#
###.........###
#⌠...........⌠#
######.8.........8.######
#.___......###......___∩##
∩........8.# #.8........∩##
...........###.............
........###...###..........
........# #.<.# #..).......


There were no monsters in sight!

Vanquished Creatures
  An orc (D)
  A quokka (D)
2 creatures vanquished.

Notes
Turn   | Place    | Note
-------+----------+-------------------------------------------
     0 | D        | rocky1 the Minotaur Gladiator began the quest for the Orb.
     0 | D        | Reached XP level 1. HP: 18/18 MP: 0/0
     4 | D        | Found a basalt altar of Yredelemnul.
     5 | D        | Found a shadowy altar of Dithmenos.
     5 | D        | Found a shimmering blue altar of Sif Muna.
     5 | D        | Round 1.
     6 | D        | Found a bloodstained altar of Trog.
     6 | D        | Found a snail-covered altar of Cheibriados.
     7 | D        | Found a hide-covered altar of Uskayaw.
     7 | D        | Found a shimmering altar of Xom.
     7 | D        | Found Qerph's Identification Station.
     8 | D        | Found Zapyelod's Jewellery.
     8 | D        | Found Kueg's Advanced Armour.
    17 | D        | Found an ancient bone altar of Kikubaaqudgha.
    18 | D        | Found a corrupted altar of Lugonu.
    19 | D        | Found a stormy altar of Qazlal.
    20 | D        | Found Qadoar's Premium Goods.
    22 | D        | Found a glowing golden altar of the Shining One.
    22 | D        | Found Nuapem's Weapon Rack.
    23 | D        | Found Ziofydou's Miscellaneous Merchandise.
    23 | D        | Found Efogarel's Basic Armour.
    29 | D        | Noticed Sigmund
    32 | D        | Found a burning altar of Makhleb.
    36 | D        | Found a blossoming altar of Fedhas.
    37 | D        | Found Zesiwij's Do-It-Yourself Clinic.
    37 | D        | Found an ornate altar of the Wu Jian Council.
    37 | D        | Found a radiant altar of Vehumet.
    37 | D        | Found an iron altar of Okawaru.
    37 | D        | Found Usiar's Distillery.
    38 | D        | Found Puzxaz Keah's Bottled Wisdom.
    38 | D        | Found Joud's Distillery.
    40 | D        | Reached skill level 4 in Maces & Flails
    42 | D        | Reached skill level 1 in Armour
    43 | D        | Found a sacrificial altar of Ru.
    44 | D        | Found an opulent altar of Gozag.
    45 | D        | Found a glowing silver altar of Zin.
    46 | D        | Found Isataops's Staff Store.
    46 | D        | Found Riuzxiogo's Magic Scroll Shop.
    47 | D        | Found Tirches's Must-Have Magic.
    47 | D        | Found Uqomo's Magic Scroll Shop.
    53 | D        | Became a worshipper of Gozag Ym Sagoz the Greedy
    58 | D        | Mangled by Sigmund

Illustrated notes

Levels and vault maps discovered:
D:        arena_sprint

Skill      XL: |  1 |
---------------+----+-----
Maces & Flails | 4 |  4.3
Armour         | 1 |  1.2
Fighting       | |  2.9
Throwing       | |  2.0
Dodging        | |  3.6

Action                     || total
---------------------------++-------
  Melee: Flail             ||     3
  Evoke: Wand              ||     1
    Use: Potion            ||     1
  Dodge: Dodged            ||     1

Table legend: (Time is in decaauts)
 A = Elapsed time spent in this place.
 B = Non-inter-level travel time spent in this place.
 C = Inter-level travel time spent in this place.
 D = Time resting spent in this place.
 E = Time spent auto-exploring this place.
 F = Levels seen in this place.
 G = Mean time per level.
                   A        B        C        D        E       F      G
               +--------+--------+--------+--------+--------+-----+--------+
         Total |     58 |     58 |      0 |      0 |      0 |   1 |   58.0 |
       Dungeon |     58 |     58 |      0 |      0 |      0 |   1 |   58.0 |
               +--------+--------+--------+--------+--------+-----+--------+

Top non-repeatable levels by time:
       D: 58 daAuts
